cohdb
Replays
Latest Replays
All Replays
Popular Replays
Top Player Replays
Match Explorer
How It Works
Community
CoH3 Stats
Reddit
Sign in to upload your games and track your stats! →
Sign in with Steam
Match 38968555
Unlisted
Match 38968555
Overview
Messages
Build Orders
End
Royal Engineer Section
Construct Section Command Post
Infantry Section
Infantry Section
Infantry Section
Selects Heavy Armor Battlegroup
Construct Field Infirmary
Selects Rigorous Vehicle Training
Grenade Package
Construct Platoon Command Post
Vickers Machine Gun Team
Humber Armored Car
6-pounder Anti-tank Gun Team
Selects Crusader AA Medium Tank
Construct Company Command Post
BIOHAZARD
Sauzer88
joaoambrosio
Gas9_TTV
0
0
Comments
sign in to comment!
No comments posted yet!